 Dungeon Crawl Stone Soup version 0.27-a0-652-g2d5cf1dcd3 (webtiles) character file.

Game seed: 15964934308636004991

16 Johnny the Digger (level 2, -1/16 HPs)
             Began as a Deep Elf Earth Elementalist on Mar 16, 2021.
             Slain by a jackal (2 damage)
             ... on level 1 of the Dungeon.
             The game lasted 00:00:45 (326 turns).

Johnny the Digger (Deep Elf Earth Elementalist)      Turns: 326, Time: 00:00:46

Health: -1/16      AC:  2    Str:  5    XL:     2   Next: 37%
Magic:  0/8        EV: 12    Int: 19    God:
Gold:   10         SH:  0    Dex: 15    Spells: 6/7 levels left

rFire    . . .     SeeInvis .   (no weapon)
rCold    . . .     Faith    .   (no shield)
rNeg     . . .     Spirit   .   c - +0 robe
rPois    .         Reflect  .   (no helmet)
rElec    .         Harm     .   (no cloak)
rCorr    .         Rampage  .   (no gloves)
Will     .....                  (no boots)
Stlth    ++........             a - amulet of the acrobat
HPRegen  0.05/turn              (no ring)
MPRegen  0.11/turn              (no ring)

@: no status effects
A: no striking features
a: no special abilities


You were on level 1 of the Dungeon.
You visited 1 branch of the dungeon, and saw 1 of its levels.

You collected 10 gold pieces.

Inventory:

Missiles
 b - 16 stones
Armour
 c - a +0 robe (worn)
Jewellery
 a - an amulet of the acrobat (around neck)
Scrolls
 d - a scroll of magic mapping {unknown}


   Skills:
 * Level 1.1 Fighting
 - Level 2.4 Dodging
 - Level 2.4 Stealth
 + Level 3.3 Spellcasting
 - Level 1.1 Transmutations
 + Level 3.5 Earth Magic


You had 6 spell levels left.
You knew the following spells:

 Your Spells              Type           Power      Damage    Failure   Level
a - Sandblast             Erth           32%        2d9       3%          1

Your spell library contained the following spells:

 Spells                   Type           Power      Damage    Failure   Level
 Passwall                 Tmut/Erth      9%         N/A       9%          2
 Stone Arrow              Conj/Erth      18%        3d8       22%         3
 Petrify                  Tmut/Erth      11%        N/A       50%         4
 Lee's Rapid Deconstruct  Erth           8%         3d8*      67%         5


Dungeon Overview and Level Annotations

Branches:
Dungeon (1/15)

Altars:


Message History

The kobold completely misses you. The jackal closely misses you.
You barely miss the frilled lizard. The jackal bites you.
The kobold hits you with a +0 dagger. The jackal closely misses you.
The jackal bites you but does no damage.
The frilled lizard closely misses you.
The frilled lizard completely misses you.
The jackal completely misses you. The jackal misses you.
You hit the jackal.
The jackal is almost dead.
The frilled lizard closely misses you. The jackal barely misses you.
The jackal completely misses you. The jackal bites you.
The jackal bites you but does no damage.
Casting: Sandblast (safe; 3% risk of failure)
Confirm with . or Enter, or press ? or * to list all spells.
Aiming: Sandblast (safe; 3% risk of failure)
Press: ? - help, Shift-Dir - straight line, f/p - jackal
Aim: a jackal (almost dead, 26% to evade)
The blast of sand hits the jackal.
You kill the jackal!
The jackal misses you.
The giant cockroach waves its antennae.
The jackal bites you but does no damage.
Casting: Sandblast (safe; 3% risk of failure)
Confirm with . or Enter, or press ? or * to list all spells.
Aiming: Sandblast (safe; 3% risk of failure)
Press: ? - help, Shift-Dir - straight line, f - frilled lizard
Aim: a frilled lizard (34% to evade)
The blast of sand hits the frilled lizard!
You kill the frilled lizard!
The jackal misses you. The jackal bites you.
* * * LOW HITPOINT WARNING * * *
The jackal bites you.
* * * LOW HITPOINT WARNING * * *
The kobold completely misses you.
Unknown command.
You closely miss the jackal. The jackal bites you.
You die...

# ###### ... #....# ...
#....# .. #....##### .
####.@......# ###
#...hhK.....# ..#
.#....Bg.....# ...
..........>...# #
....#...........# #..
#....#...........# ...
#....##..........# ...
.##....##..........#
.......................#


You could see 2 jackals, a giant cockroach, a goblin and a kobold.

Vanquished Creatures
  A giant cockroach (D:1)
  4 jackals (D:1)
  2 bats (D:1)
  3 frilled lizards (D:1)
  4 kobolds (D:1)
  2 rats (D:1)
16 creatures vanquished.

Notes
Turn   | Place    | Note
-------+----------+-------------------------------------------
     0 | D:1      | Johnny the Deep Elf Earth Elementalist began the quest for
                  | the Orb.
     0 | D:1      | Reached XP level 1. HP: 10/10 MP: 6/6
   294 | D:1      | Reached XP level 2. HP: 15/16 MP: 6/8
   299 | D:1      | Reached skill level 1 in Fighting
   326 | D:1      | Slain by a jackal

Illustrated notes

Levels and vault maps discovered:
D:1:      ncdulo_wetmaze, layout_basic

Skill      XL: |  1  2 |
---------------+-------+-----
Fighting       | 1 |  1.1
Dodging        | |  2.4
Stealth        | |  2.4
Spellcasting   | |  3.3
Transmutations | |  1.1
Earth Magic    | |  3.5

Action                   || total
-------------------------++-------
Melee: Unarmed           ||    19
 Cast: Sandblast         ||    21
Armor: Robe              ||    10
Dodge: Dodged            ||    50

Table legend: (Time is in decaauts)
 A = Elapsed time spent in this place.
 B = Non-inter-level travel time spent in this place.
 C = Inter-level travel time spent in this place.
 D = Time resting spent in this place.
 E = Time spent auto-exploring this place.
 F = Levels seen in this place.
 G = Mean time per level.
                   A        B        C        D        E       F      G
               +--------+--------+--------+--------+--------+-----+--------+
         Total |    329 |    329 |      0 |     46 |    165 |   1 |  329.0 |
       Dungeon |    329 |    329 |      0 |     46 |    165 |   1 |  329.0 |
               +--------+--------+--------+--------+--------+-----+--------+

Top non-repeatable levels by time:
     D:1: 329 daAuts
